 Dungeon Crawl Stone Soup version 0.19-a0-627-g7ac35de (webtiles) character file.

959 Apachew the Cleaver (level 7, -1/57 HPs)
             Began as a Minotaur Berserker on June 13, 2016.
             Was a Priest of Trog.
             Slain by an orc warrior
             ... wielding a +0 battleaxe
              (25 damage)
             ... on level 6 of the Dungeon.
             The game lasted 00:06:35 (3686 turns).

Apachew the Cleaver (Minotaur Berserker)            Turns: 3686, Time: 00:06:36

Health: -1/57      AC:  8    Str: 24    XL:     7   Next: 92%
Magic:  6/6        EV: 11    Int:  4    God:    Trog [***...]
Gold:   284        SH:  0    Dex:  9    Spells: 0 memorised, 6 levels left

rFire  . . .     SeeInvis .     a - +0 war axe
rCold  . . .     Gourm    .     d - +3 ring mail
rNeg   . . .     Faith    .     (no shield)
rPois  .         Spirit   .     (helmet restricted)
rElec  .         Dismiss  .     (no cloak)
rCorr  .         Reflect  .     (no gloves)
SustAt .         Harm     .     (no boots)
MR     .....                    (no amulet)
Stlth  ..........               (no ring)
                                (no ring)

@: exhausted, slowed, very slow, not resistant to hostile enchantments,
extremely unstealthy
A: retaliatory headbutt, horns 2
a: Berserk, Trog's Hand, Burn Spellbooks, Renounce Religion


You were on level 6 of the Dungeon.
You worshipped Trog.
Trog was most pleased with you.
You were not hungry.

You visited 1 branch of the dungeon, and saw 6 of its levels.

You collected 284 gold pieces.

Inventory:

Hand Weapons
 a - a +0 war axe (weapon)
Armour
 d - a +3 ring mail (worn)
Wands
 p - a wand of random effects (13/48)
 q - a wand of disintegration (12/24)
Scrolls
 b - 2 scrolls of remove curse {unknown}
 h - 6 scrolls of identify {unknown}
 m - 2 scrolls of fog {unknown}
 n - a scroll of random uselessness {unknown}
 s - a scroll of immolation {unknown}
 u - a scroll of fear {unknown}
 w - a scroll of teleportation {unknown}
Potions
 e - a potion of brilliance {unknown}
 f - 4 potions of curing {unknown}
 j - a potion of mutation {unknown}
 l - a potion of berserk rage {unknown}
 o - a potion of cancellation {unknown}
 r - a potion of heal wounds {unknown}
 x - a potion of lignification {unknown}
Comestibles
 c - 3 bread rations
 g - 3 slices of pizza
 i - a royal jelly
 k - 3 meat rations
 t - 2 fruits
 v - a chunk of flesh


   Skills:
 - Level 3.6 Fighting
 + Level 11.3 Axes
 - Level 2.4 Armour
 - Level 2.1 Dodging


You had 6 spell levels left.
You didn't know any spells.

Dungeon Overview and Level Annotations

Branches:
Dungeon (6/15)
 Temple: D:4-7

Altars:
Nemelex Xobeh
Vehumet

Shops:
D:5 *


Innate Abilities, Weirdness & Mutations

You reflexively headbutt those who attack you in melee.
You have a pair of horns on your head.


Message History

An orc priest comes into view. It is wielding a dagger of speed.
The orc priest shouts! 2 orcs and an orc priest come into view.
An orc is wielding an antimagic hand axe.
An orc warrior comes into view. It is wielding a battleaxe.
The orc warrior shouts!
The orc shouts!
The orc priest casts a cantrip, but nothing happens.
The orc priest miscasts a cantrip.
The orc priest invokes the aid of Beogh against you.
Beogh smites you!
Found a papyrus book.
The orc priest mumbles some strange prayers to Beogh against you.
Beogh smites you!
The orc priest mumbles some strange prayers to Beogh against you.
Pain shoots through your body!
You slash the orc priest! You headbutt the orc priest.
You kill the orc priest!
Trog accepts your kill.
The orc warrior hits you with a battleaxe!!
You die...

#.# #.# #.# #.#
##############)###
#........#........
#######.######.#........
........................
#######@######.#........
#o# #.#........


ooo #.......... ..... ###........ .....:. ......... .......## #.#####.##
######### ## .⌠ You could see an orc warrior, an orc priest and 2 orcs.

Vanquished Creatures
  Menkaure (D:4)
  Duvessa (D:6)
  A phantom (D:6)
  An ice beast (D:5)
  Blork the orc (D:6)
  Dowan (D:6)
  A howler monkey (D:5)
  A crimson imp (D:5)
  2 orc priests
  A hound (D:5)
  An orc wizard (D:5)
  An iguana (D:4)
  A worker ant (D:5)
  8 adders
  4 gnolls (D:3)
  An ooze (D:2)
  2 adder skeletons
  A worm (D:4)
  3 dart slugs
  4 giant geckos
  10 orcs
  7 bats
  2 giant cockroaches
  3 hobgoblins
  2 quokkas
  6 ball pythons
  4 giant newts
  5 goblins
  4 kobolds
  A quokka zombie (D:5)
  7 rats
88 creatures vanquished.

Notes
Turn   | Place    | Note
--------------------------------------------------------------
     0 | D:1      | Apachew the Minotaur Berserker began the quest for the Orb.
     0 | D:1      | Reached XP level 1. HP: 19/19 MP: 0/0
    28 | D:1      | Reached skill level 4 in Axes
    96 | D:1      | Reached XP level 2. HP: 23/26 MP: 1/1
   317 | D:1      | Reached ** piety under Trog
   888 | D:2      | Reached skill level 5 in Axes
  1066 | D:2      | Reached XP level 3. HP: 31/31 MP: 2/2
  1162 | D:2      | Reached XP level 4. HP: 37/39 MP: 3/3
  1479 | D:3      | Reached skill level 6 in Axes
  1485 | D:3      | Found a radiant altar of Vehumet.
  2116 | D:4      | Reached *** piety under Trog
  2120 | D:4      | Reached XP level 5. HP: 43/45 MP: 4/4
  2273 | D:4      | Reached skill level 7 in Axes
  2571 | D:4      | Noticed Menkaure
  2579 | D:4      | Killed Menkaure
  2579 | D:4      | Reached skill level 8 in Axes
  2579 | D:4      | Reached XP level 6. HP: 51/51 MP: 5/5
  3074 | D:5      | Entered Level 5 of the Dungeon
  3092 | D:5      | Found a sparkling altar of Nemelex Xobeh.
  3208 | D:5      | Noticed an ice beast
  3215 | D:5      | Killed an ice beast
  3215 | D:5      | Reached skill level 9 in Axes
  3449 | D:5      | Reached XP level 7. HP: 53/57 MP: 6/6
  3520 | D:5      | Reached skill level 10 in Axes
  3581 | D:5      | Found Kuqiog's General Store.
  3647 | D:6      | Noticed Blork the orc
  3648 | D:6      | Noticed Duvessa
  3648 | D:6      | Noticed Dowan
  3654 | D:6      | Killed Duvessa
  3657 | D:6      | Killed Blork the orc
  3660 | D:6      | Killed Dowan
  3663 | D:6      | Reached skill level 11 in Axes
  3686 | D:6      | Slain by an orc warrior

Vault maps used:
D:1:      elethiomel_arrival_maze
D:2:      minmay_shallow_snake_nest
D:3:      vehumet_crystals
D:4:      eino_tiny_chamber, uniq_menkaure
D:5:      first_bread, serial_shops, shop, grunt_ministairs_15,
          nemelex_lonely_heart_becter
D:6:      amethyst_overflow_temple_binary, zin_academy,
          minmay_temple_entry_statues_fountains, uniq_sigmund,
          uniq_blork_the_orc, uniq_crazy_yiuf_cottage, uniq_duvessa

Skill      XL: |  1  2  3  4  5  6  7 |
---------------+----------------------+-----
Axes           | 4 5 6 8 9 11 | 11.3
Fighting       | |  3.6
Armour         | |  2.4
Dodging        | |  2.1

Action                   |  1- 3 |  4- 6 |  7- 9 || total
-------------------------+-------+-------+-------++-------
Melee: Hand axe          |    52 |   120 |    18 ||   190
       Headbutt          |     9 |    19 |     9 ||    37
       War axe           |       |       |    12 ||    12
Invok: Berserk           |       |     1 |     1 ||     2
       Trog's Hand       |       |     1 |       ||     1
  Eat: Chunk             |       |     8 |     3 ||    11
Armor: Animal skin       |     6 |       |       ||     6
       Ring mail         |    10 |    45 |     8 ||    63
Dodge: Dodged            |    41 |    63 |    11 ||   115
